 Dungeon Crawl Stone Soup version 0.26-a0-1131-g5f66e2dd50 (webtiles) character file.

Game seed: 9335772140040856589

11169 Adamkad1 the Blocker (level 11, 69/69 HPs)
             Began as a Gargoyle Fighter on Dec 19, 2020.
             Was an Initiate of Gozag.
             Quit the game on level 11 of the Dungeon.
             The game lasted 00:20:04 (11989 turns).

Adamkad1 the Blocker (Gargoyle Fighter)            Turns: 11989, Time: 00:20:05

Health: 69/69      AC: 28    Str: 23    XL:     11   Next: 73%
Magic:  11/11      EV:  6    Int:  9    God:    Gozag
Gold:   2444       SH: 13    Dex: 11    Spells: 10/10 levels left

rFire    . . .     SeeInvis .   L - +2 whip (flame)
rCold    . . .     Faith    .   c - +0 kite shield
rNeg     + . .     Spirit   .   e - +0 plate armour
rPois    ∞         Reflect  .   E - +0 helmet
rElec    +         Harm     .   t - +1 cloak {rPois}
rCorr    .         Rampage  .   v - +0 pair of gloves
Will     .....     Clarity  +   j - +0 pair of boots
Stlth    ..........             K - amulet of regeneration
HPRegen  0.61/turn              G - ring of flight
MPRegen  0.12/turn              (no ring)

@: no status effects
A: agile 1, blink, blurry vision 1, clarity, negative energy resistance 1,
electricity resistance, unbreathing, petrification resistance, miasma immunity,
AC +8
a: Blink, Renounce Religion, Evoke Flight, Potion Petition, Call Merchant, Bribe
Branch


You were on level 11 of the Dungeon.
You worshipped Gozag.
Gozag was most pleased with you.
You visited 1 branch of the dungeon, and saw 11 of its levels.

You collected 2507 gold pieces.
You paid 63 gold pieces to Gozag.

Inventory:

Hand Weapons
 a - a +0 flail
 L - a +2 whip of flaming (weapon)
Armour
 c - a +0 kite shield (worn)
 e - a +0 plate armour (worn)
 j - a +0 pair of boots (worn)
 t - a +1 cloak of poison resistance (worn)
 v - a +0 pair of gloves (worn)
 E - a +0 helmet (worn)
Jewellery
 G - a ring of flight (left hand)
 K - an amulet of regeneration (around neck)
Wands
 r - a wand of flame (53)
 x - a wand of iceblast (15)
 M - a wand of acid (4)
 N - a wand of paralysis (6)
 O - a wand of polymorph (8)
 P - a wand of disintegration (11)
Scrolls
 b - a scroll of silence {unknown}
 g - 2 scrolls of magic mapping
 h - 5 scrolls of enchant armour
 m - 2 scrolls of blinking
 n - 7 scrolls of identify
 o - 12 scrolls of remove curse
 p - 4 scrolls of teleportation
 y - 2 scrolls of enchant weapon
 B - 2 scrolls of amnesia
Potions
 d - 3 potions of might
 f - 5 potions of curing
 i - a potion of brilliance
 k - a potion of heal wounds
 q - a potion of berserk rage
 s - 2 potions of ambrosia
 z - 2 potions of haste
 A - a potion of cancellation
 C - a potion of lignification
 D - a potion of flight


   Skills:
 + Level 8.9 Fighting
 * Level 10.6 Maces & Flails
 + Level 8.9 Armour
 * Level 11.9 Shields


You had 10 spell levels left.
You didn't know any spells.
Your spell library contained the following spells:

 Spells                   Type           Power        Failure   Level
 Corona                   Hex            0%           100%        1
 Magic Dart               Conj           0%           100%        1
 Sting                    Tmut/Pois      0%           100%        1
 Ensorcelled Hibernation  Hex/Ice        0%           100%        2
 Poisonous Vapours        Pois/Air       0%           100%        2
 Searing Ray              Conj           0%           100%        2
 Confusing Touch          Hex            0%           100%        3
 Dazzling Flash           Conj/Hex       0%           100%        3
 Ignite Poison            Fire/Tmut/Pois 0%           100%        3
 Mephitic Cloud           Conj/Pois/Air  0%           100%        3
 Tukima's Dance           Hex            0%           100%        3
 Fulminant Prism          Conj/Hex       0%           100%        4
 Iskenderun's Mystic Bla  Conj/Tloc      0%           100%        4
 Olgreb's Toxic Radiance  Pois           0%           100%        4


Dungeon Overview and Level Annotations

Branches:
Dungeon (11/15)            Temple (0/1) D:4            Lair (0/6) D:10
    Orc (0/2) D:11

Altars:
Ashenzari
Cheibriados
Elyvilon
Fedhas
Gozag
Hepliaklqana
Kikubaaqudgha
Qazlal
Trog

Shops:
D:6 }   D:7 =


Innate Abilities, Weirdness & Mutations

You are resistant to torment.
Your stone body is resilient. (AC +8)
You are immune to poison.
You resist negative energy. (rN+)
You are resistant to electric shocks. (rElec)
You can survive without breathing.
You are immune to petrification.
You are immune to miasma.
You are agile. (Dex +2)
You can translocate small distances at will.
Scrolls take you a little longer to read.
You possess an exceptional clarity of mind.


Message History

You hit the gnoll sergeant. You burn the gnoll sergeant.
You kill the gnoll sergeant!
You now have 2281 gold pieces (gained 7).
Things that are here:
a +0 spear; a +0 ring mail
Things that are here:
a +0 spear; a +0 ring mail You now have 2303 gold pieces (gained 22).
There is an open door, spattered with blood here.
Items here: ))) [.
You now have 2309 gold pieces (gained 6).
You see here a +0 flail.
You now have 2388 gold pieces (gained 79).
Items here: (( ))))) [.
You now have 2428 gold pieces (gained 40).
Items here: ( )))) [[.
You now have 2444 gold pieces (gained 16).
Things that are here:
a +0 giant club; a stone Are you sure you want to abandon this character and quit the game? (Confirm with "yes".)

.#...####.#<.# #.##......# #
.##..####.#..#
#..())....#######
.##..........#
####.)......(...(
.##.#####....# #.........(<.#
.##.# #....# #..#..####...#
.##.#####....#######(.#..#
##.##
......................#..#
#...
###.######..####.........##
#### # #.# #..# #@####.....##
# #.# #.)# #.# #......###
###.######..####)#######.#...#
...............#(#8...8#...#.#
....############)#.....##....#
# ##.## #))).>..#####.####
##.# #.#.....# #.....## #.#
#.#8...8# #.###.## #.#
#.#########.# #...


There were no monsters in sight!

Vanquished Creatures
  3 two-headed ogres
  Pikel (D:9)
  A manticore (D:11)
  An ugly thing (D:11)
  A komodo dragon (D:10)
  A troll (D:11)
  A wraith (D:11)
  Sigmund (D:6)
  8 yaks
  Grum (D:9)
  4 wargs
  3 ice beasts
  5 orc warriors
  A sky beast (D:9)
  A black bear (D:6)
  A phantom (D:10)
  8 centaurs
  2 wolves
  10 ogres
  7 big kobolds (D:11)
  A bullfrog (D:6)
  4 gnoll sergeants (D:11)
  4 scorpions
  6 killer bees
  An electric eel (D:10)
  10 wights
  3 howler monkeys
  2 bullfrog zombies
  A jelly (D:6)
  An iguana (D:4)
  3 orc priests
  2 hounds
  4 orc wizards
  A bullfrog skeleton (D:9)
  A centaur skeleton (D:7)
  Crazy Yiuf (D:2)
  7 worker ants
  A hound zombie (D:9)
  2 hound skeletons
  A worker ant zombie (D:5)
  11 adders
  15 gnolls
  A shadow imp (D:8)
  4 white imps
  2 ufetubi (D:7)
  2 adder skeletons
  7 worms
  2 dart slugs
  7 leopard geckos
  26 orcs
  2 ball pythons
  4 giant cockroaches
  7 goblins
  8 hobgoblins
  2 jackals (D:4)
  8 quokkas
  9 bats
  4 frilled lizards
  15 kobolds
  A leopard gecko zombie (D:8)
  A quokka skeleton (D:4)
  14 rats
269 creatures vanquished.

Vanquished Creatures (others)
  Ijyb (D:4)
  A fungus (D:2)
  2 plants (D:10)
4 creatures vanquished.

Grand Total: 273 creatures vanquished

Notes
Turn   | Place    | Note
-------+----------+-------------------------------------------
     0 | D:1      | Adamkad1 the Gargoyle Fighter began the quest for the Orb.
     0 | D:1      | Reached XP level 1. HP: 14/14 MP: 1/1
   234 | D:1      | Reached XP level 2. HP: 19/19 MP: 2/2
   781 | D:2      | Found a faded altar of an unknown god.
   847 | D:2      | Reached XP level 3. HP: 23/23 MP: 3/3
  1045 | D:2      | Found a runed translucent door.
  1046 | D:2      | Noticed Crazy Yiuf
  1250 | D:2      | Reached skill level 4 in Shields
  1396 | D:2      | Reached XP level 4. HP: 29/29 MP: 4/4
  1451 | D:2      | Found a stormy altar of Qazlal.
  1659 | D:2      | Killed Crazy Yiuf
  1801 | D:3      | Noticed an ogre
  1817 | D:3      | Killed an ogre
  1818 | D:3      | Reached XP level 5. HP: 28/33 MP: 5/5
  1884 | D:3      | Found an opulent altar of Gozag.
  1892 | D:3      | Became a worshipper of Gozag Ym Sagoz the Greedy
  2063 | D:3      | Reached XP level 6. HP: 30/38 MP: 6/6
  2228 | D:3      | Reached skill level 5 in Shields
  2607 | D:4      | Noticed Ijyb
  2616 | D:4      | Killed Ijyb
  2617 | D:4      | Found a staircase to the Ecumenical Temple.
  3567 | D:4      | Reached XP level 7. HP: 44/44 MP: 7/7
  3700 | D:5      | Entered Level 5 of the Dungeon
  3927 | D:5      | Reached skill level 6 in Shields
  4137 | D:5      | Noticed a moth of wrath
  4140 | D:5      | Found a bloodstained altar of Trog.
  4359 | D:5      | Reached skill level 5 in Armour
  4963 | D:6      | Reached skill level 5 in Maces & Flails
  5088 | D:6      | Reached skill level 5 in Fighting
  5345 | D:6      | Noticed Sigmund
  5352 | D:6      | Killed Sigmund
  5353 | D:6      | Reached XP level 8. HP: 45/49 MP: 8/8
  5413 | D:6      | Found Coafaf's Gadget Boutique.
  5536 | D:6      | Reached skill level 7 in Shields
  5688 | D:6      | Found a broken altar of Ashenzari.
  6237 | D:7      | Found a blossoming altar of Fedhas.
  6237 | D:7      | Found a hazy altar of Hepliaklqana.
  6251 | D:7      | Reached XP level 9. HP: 55/55 MP: 9/9
  6253 | D:7      | Found a snail-covered altar of Cheibriados.
  6300 | D:7      | Found a white marble altar of Elyvilon.
  6459 | D:7      | Reached skill level 8 in Shields
  6770 | D:7      | Found Vuhy's Jewellery Shop.
  7059 | D:8      | Noticed a two-headed ogre
  7073 | D:8      | Killed a two-headed ogre
  8116 | D:9      | Found an ancient bone altar of Kikubaaqudgha.
  8120 | D:9      | Noticed Pikel
  8147 | D:9      | Noticed Grum
  8171 | D:8      | Reached skill level 9 in Shields
  8254 | D:9      | Reached XP level 10. HP: 20/61 MP: 10/10
  8618 | D:9      | Killed Pikel
  8637 | D:9      | Killed Grum
  8696 | D:9      | Reached skill level 10 in Shields
  9187 | D:10     | Entered Level 10 of the Dungeon
  9560 | D:10     | Found a staircase to the Lair.
 10606 | D:9      | Gained mutation: You possess an exceptional clarity of
                  | mind. [potion of mutation]
 10606 | D:9      | Gained mutation: You are agile. (Dex +2) [potion of
                  | mutation]
 10606 | D:9      | Gained mutation: Scrolls take you a little longer to read.
                  | [potion of mutation]
 10606 | D:9      | Gained mutation: You can translocate small distances at
                  | will. [potion of mutation]
 10874 | D:10     | Reached XP level 11. HP: 62/68 MP: 11/11
 11083 | D:11     | Noticed a two-headed ogre
 11085 | D:11     | Noticed a manticore
 11107 | D:11     | Killed a two-headed ogre
 11108 | D:11     | Reached skill level 11 in Shields
 11121 | D:11     | Killed a manticore
 11138 | D:11     | Reached skill level 10 in Maces & Flails
 11298 | D:11     | Noticed a two-headed ogre
 11311 | D:11     | Killed a two-headed ogre
 11620 | D:11     | Noticed a green ugly thing
 11643 | D:11     | Killed a green ugly thing
 11802 | D:11     | Found a staircase to the Orcish Mines.
 11989 | D:11     | Quit the game

Illustrated notes

Levels and vault maps discovered:
D:1:      lightli_molten_gateway, layout_rooms, minmay_misc_feat_rugged
D:2:      layout_basic, nicolae_overflow_crystal_walls,
          chequers_ecumenical_altar_simple_redux, minmay_goblin_kobold_house,
          uniq_crazy_yiuf_cottage
D:3:      layout_loops_cross, grunt_gozag_statues, grunt_decor_clamped
D:4:      layout_loops_ring, minmay_temple_entry_mini_moons, uniq_ijyb
D:5:      layout_layer_cave, tgw_trog, serial_glass, glass_columns_c,
          glass_columns_a, minmay_stone_trees_large, minmay_statues_item,
          solitary_fountain, dk_noncrumbling_4
D:6:      layout_gridville, ashenzari_conservatory_becter, serial_shops, shop,
          uniq_sigmund
D:7:      layout_basic, grunt_temple_overflow_open, basic_altar, serial_shops,
          shop_coins
D:8:      layout_basic
D:9:      layout_rooms, kiku_gazebo_pond_becter, uniq_pikel, uniq_grum
D:10:     layout_loops_cross, david_lair_shrubbed, grunt_decor_one_mirror,
          nooodl_orcs_dogs
D:11:     layout_loops_ring, kennysheep_orc_monster_closet_entryway

Skill      XL: |  1  2  3  4  5  6  7  8  9 10 11 |
---------------+----------------------------------+-----
Shields        | 4 5 6 7 9 10 11 | 11.9
Maces & Flails | 3 4 5 6 8 9 10 | 10.6
Fighting       | 4 5 6 8 |  8.9
Armour         | 4 5 6 7 8 |  8.9

Action                   |  1- 3 |  4- 6 |  7- 9 | 10-12 || total
-------------------------+-------+-------+-------+-------++-------
Melee: Flail             |   134 |   246 |   436 |    67 ||   883
       Whip              |       |       |       |   753 ||   753
  Use: Scroll            |       |       |     4 |    11 ||    15
       Potion            |       |       |       |    13 ||    13
 Stab: Distracted        |       |       |     1 |     2 ||     3
Armor: Scale mail        |    84 |   132 |   211 |    78 ||   505
       Plate armour      |       |       |       |   140 ||   140
Dodge: Dodged            |    52 |    78 |   155 |   165 ||   450
Block: Kite shield       |    72 |   135 |   234 |   364 ||   805

Table legend: (Time is in decaauts)
 A = Elapsed time spent in this place.
 B = Non-inter-level travel time spent in this place.
 C = Inter-level travel time spent in this place.
 D = Time resting spent in this place.
 E = Time spent auto-exploring this place.
 F = Levels seen in this place.
 G = Mean time per level.
                   A        B        C        D        E       F      G
               +--------+--------+--------+--------+--------+-----+--------+
         Total |  11927 |  11580 |    347 |   2118 |   6413 |  11 | 1084.3 |
       Dungeon |  11927 |  11580 |    347 |   2118 |   6413 |  11 | 1084.3 |
               +--------+--------+--------+--------+--------+-----+--------+

Top non-repeatable levels by time:
    D:10: 1464 daAuts
     D:6: 1311 daAuts
     D:9: 1287 daAuts
     D:5: 1272 daAuts
     D:8: 1168 daAuts
     D:2: 1129 daAuts
     D:3: 1031 daAuts
     D:4: 1016 daAuts
     D:7: 835 daAuts
    D:11: 764 daAuts
     D:1: 645 daAuts
